 Dungeon Crawl Stone Soup version 0.31.0-10-gcf4a605ca0 (webtiles) character file.

Game seed: 12470532333409135349

930 mopl the Slasher (level 8, -12/61 HPs)
             Began as a Merfolk Fighter on Jan 25, 2024.
             Was a Believer of Okawaru.
             Mangled by an orc wizard
             ... wielding a +0 dagger of electrocution
              (19 damage)
             ... on level 6 of the Dungeon.
             The game lasted 00:05:35 (5260 turns).

mopl the Slasher (Merfolk Fighter)                  Turns: 5260, Time: 00:05:36

Health: -12/61     AC:  6    Str: 19    XL:     8   Next: 11%
Magic:  9/9        EV: 10    Int: 13    God:    Okawaru [**....]
Gold:   252        SH:  4    Dex: 13    Spells: 7/7 levels left

rFire   . . .        e - +1 trident (venom)
rCold   . . .        c - +0 buckler
rNeg    . . .        b - +0 scale mail
rPois   .            (no helmet)
rElec   .            (no cloak)
rCorr   .            (no gloves)
SInv    .            (no boots)
Will    .....        (no amulet) Stlth
                     t - +6 ring of intelligence
HPRegen 0.30/turn    (no ring)
MPRegen 0.11/turn

%: no passive effects
@: no status effects
A: (nimble swimmer 2), mertail
a: Renounce Religion, Heroism


You were on level 6 of the Dungeon.
You worshipped Okawaru.
Okawaru was pleased with you.
You visited 2 branches of the dungeon, and saw 7 of its levels.
You also visited: Sewer.

You collected 252 gold pieces.

Inventory:

Hand Weapons
 a - a +0 long sword
 e - a +1 trident of venom (weapon)
Missiles
 j - 31 poisoned darts (quivered)
 w - a boomerang
 x - a curare-tipped dart
Armour
 b - a +0 scale mail (worn)
 c - a +0 buckler (worn)
Jewellery
 t - a +6 ring of intelligence (left hand)
 v - a ring of see invisible
Wands
 o - a wand of quicksilver (19)
 s - a wand of mindburst (23)
Scrolls
 f - 4 scrolls of revelation {unknown}
 h - 3 scrolls of amnesia
 k - 4 scrolls of fog {unknown}
 p - 2 scrolls of blinking {unknown}
 r - a scroll of fear {unknown}
 u - a scroll of identify
Potions
 d - 3 potions of might
 g - a potion of lignification
 i - 2 potions of heal wounds
 l - 4 potions of curing
 m - a potion of brilliance
 n - a potion of cancellation
 q - a potion of ambrosia
 z - a potion of experience {unknown}
 A - 2 potions of magic {unknown}


   Skills:
 + Level 4.9 Fighting
 * Level 6.2 Long Blades
 + Level 2.8 Throwing
 + Level 3.3 Armour
 + Level 3.9 Dodging
 - Level 3.0 Shields
 + Level 2.5 Invocations
 + Level 2.2 Evocations


You had 7 spell levels left.
You didn't know any spells.
Your spell library contained the following spells:

 Spells                   Type           Power      Damage    Failure   Level
 Cigotuvi's Dreadful Rot  Necr/Alch/Air  0%         N/A       86%         2
 Fugue of the Fallen      Necr           0%         N/A       98%         3
 Ozocubu's Armour         Ice            0%         N/A       98%         3
 Ignite Poison            Fire/Alch      0%         N/A       100%        4
 Manifold Assault         Tloc           0%         N/A       100%        4
 Freezing Cloud           Conj/Ice/Air   0%         6-21      100%        5


Dungeon Overview and Level Annotations

Branches:
Dungeon (6/15)             Temple (1/1) D:4           Sewer (visited)

Altars:
Ashenzari
Cheibriados
Hepliaklqana
Kikubaaqudgha
Okawaru
Ru
Sif Muna
Trog
Uskayaw
Xom
Yredelemnul

Annotations:
D:4 3 runed translucent doors, Vorhees's ghost, novice GnWn


Innate Abilities, Weirdness & Mutations

((You are very nimble when in or above water. (Stealth+, EV+, Speed+++)))
Your lower body shifts to a powerful aquatic tail in water.


Message History

Okawaru accepts your kill. The orc hits you with a +0 club. Something hits you.
You are electrocuted!
You block something's attack. The orc hits you with a +0 club.
You see here a +0 hand axe.
You barely miss the orc. Something hits you.
* * * LOW HITPOINT WARNING * * *
You block the orc's attack. x2; Something hits you but does no damage.
You are electrocuted!
* * * LOW HITPOINT WARNING * * *
You hit the orc.
The orc is poisoned.
The orc is moderately wounded.
The orc hits you but does no damage. Something hits you but does no damage.
You barely miss the orc.
The orc is almost dead.
The orc barely misses you.
You hear some strange, mumbled words.
A magic dart appears from out of thin air!
The magic dart hits you.
* * * LOW HITPOINT WARNING * * *
You feel much better.
You kill the orc!
Okawaru accepts your kill. Something hits you but does no damage.
You miss something. Something hits you.
You are electrocuted!
* * * LOW HITPOINT WARNING * * *
Something hits you but does no damage.
You barely miss something.
You hear some strange, mumbled words.
A puff of flame appears from out of thin air!
The puff of flame hits you.
* * * LOW HITPOINT WARNING * * *
You closely miss something.
You hear some strange, mumbled words.
A puff of flame appears from out of thin air!
The puff of flame hits you.
* * * LOW HITPOINT WARNING * * *
You miss something. Something hits you.
* * * LOW HITPOINT WARNING * * *
You are electrocuted!!
You die...

............#
............#
............#
............#
###.........#
+.........#
#.........#
#....){...#
#...)@....#
#.........#
#.........#
#.........#
#.........#
#.....(...#
..........#
...........#


There were no monsters in sight!

Vanquished Creatures
  An ogre (D:5)
  5 kobold brigands (Sewer)
  A scorpion (D:5)
  2 hounds (D:5)
  An orc priest (D:6)
  3 iguanas
  An orc wizard (D:6)
  8 adders
  4 gnolls (D:5)
  2 river rats (Sewer)
  A white imp (D:5)
  3 dart slugs
  4 ribbon worms
  12 orcs
  7 bats
  9 endoplasms
  2 giant cockroaches
  7 goblins
  5 hobgoblins
  14 kobolds
  5 quokkas
  10 ball pythons
  2 frilled lizards
  10 rats
119 creatures vanquished.

Notes
Turn   | Place    | Note
-------+----------+-------------------------------------------
     0 | D:1      | mopl the Merfolk Fighter began the quest for the Orb.
     0 | D:1      | Reached XP level 1. HP: 18/18 MP: 1/1
   181 | D:1      | Found a faded altar of an unknown god.
   188 | D:1      | Reached XP level 2. HP: 24/24 MP: 2/2
   309 | D:1      | Reached skill level 1 in Dodging
   353 | D:1      | Reached skill level 3 in Long Blades
   734 | D:2      | Found a bloodstained altar of Trog.
   808 | D:2      | Reached XP level 3. HP: 29/29 MP: 3/3
  1490 | D:3      | Reached XP level 4. HP: 36/37 MP: 4/4
  1826 | D:3      | Reached skill level 1 in Throwing
  2252 | D:4      | Found a hazy altar of Hepliaklqana.
  2338 | D:4      | Found a runed translucent gate.
  2338 | D:4      | Found a runed translucent gate.
  2338 | D:4      | Found a runed translucent gate.
  2338 | D:4      | Noticed a kobold brigand
  2338 | D:4      | Noticed Vorhees's ghost (novice GnWn)
  2704 | D:4      | Reached skill level 4 in Long Blades
  2708 | D:4      | Reached XP level 5. HP: 22/42 MP: 5/5
  3020 | D:4      | Found a staircase to the Ecumenical Temple.
  3029 | Temple   | Entered the Ecumenical Temple
  3037 | Temple   | Became a worshipper of Warmaster Okawaru
  3190 | D:5      | Entered Level 5 of the Dungeon
  3346 | D:5      | Found a glowing drain.
  3396 | Sewer    | Entered a sewer
  3581 | Sewer    | Reached XP level 6. HP: 48/48 MP: 6/6
  3621 | Sewer    | Reached skill level 1 in Invocations
  3847 | Sewer    | Reached skill level 1 in Evocations
  3853 | Sewer    | Reached * piety under Okawaru
  3854 | Sewer    | Reached skill level 5 in Long Blades
  4050 | Sewer    | Reached XP level 7. HP: 45/55 MP: 8/8
  4415 | D:5      | Found a broken altar of Ashenzari.
  4618 | D:5      | Reached skill level 6 in Long Blades
  5008 | D:5      | Reached ** piety under Okawaru
  5009 | D:5      | Reached XP level 8. HP: 46/61 MP: 9/9
  5255 | D:6      | HP: 2/61 [something/magic dart (4)]
  5260 | D:6      | Mangled by an orc wizard

Illustrated notes

Levels and vault maps discovered:
D:1:      lemuel_arrival_funnel, layout_loops_ring,
          ebering_ecumenical_altar_mist
D:2:      layout_loops_cross, basic_altar
D:3:      layout_loops_ring, nicolae_eternal_life
D:4:      layout_basic, nicolae_hepliaklqana_hazy_memory, temple_statues,
          gammafunk_ghost_nasty_kobolds
D:5:      layout_gridville, kennysheep_mini, gup_sewer_entry_glass,
          nicolae_concentric_dashed_squares_mild
D:6:      layout_gridville, serial_shops, shop, st_stairs_5,
          nicolae_zig_zag_zippers, uniq_edmund
Temple:   chequers_temple_sunken

Skill      XL: |  1  2  3  4  5  6  7 |
---------------+----------------------+-----
Dodging        | 1 2 3 |  3.9
Long Blades    | 3 4 5 6 |  6.2
Throwing       | 1 2 |  2.8
Fighting       | 4 |  4.9
Invocations    | 1 2 |  2.5
Evocations     | 1 2 |  2.2
Armour         | 3 |  3.3
Shields        | |  3.0

Action                     |  1- 3 |  4- 6 |  7- 9 || total
---------------------------+-------+-------+-------++-------
  Melee: Long sword        |   113 |    11 |       ||   124
         Trident           |       |   149 |    83 ||   232
         Tailslap          |       |     3 |     3 ||     6
    Use: Scroll            |       |     5 |       ||     5
         Potion            |       |     2 |     1 ||     3
 Armour: Scale mail        |   107 |   100 |    55 ||   262
  Dodge: Dodged            |    86 |    78 |    37 ||   201
  Block: Buckler           |    44 |    29 |    14 ||    87
